 Dungeon Crawl Stone Soup version 0.21.0-37-g46506fa5f3 (webtiles) character file.

382 Tordini the Chiller (level 6, -1/42 HPs)
             Began as a Vampire Ice Elementalist on Jan 31, 2018.
             Slain by Grinder (10 damage)
             ... on level 4 of the Dungeon.
             The game lasted 00:09:13 (5067 turns).

Tordini the Chiller (Vampire Ice Elementalist)      Turns: 5067, Time: 00:09:13

Health: -1/42      AC:  9    Str: 12    XL:     6   Next: 47%
Magic:  8/11       EV: 13    Int: 20    God:
Gold:   77         SH:  0    Dex: 14    Spells: 6/12 levels left

rFire    . . .     SeeInvis +   g - +0 dagger
rCold    + . .     Gourm    .   (no shield)
rNeg     + + +     Faith    .   a - +0 robe
rPois    +         Spirit   .   (no helmet)
rElec    .         Reflect  .   (no cloak)
rCorr    .         Harm     .   w - +0 pair of gloves
MR       .....                  (no boots)
Stlth    +++.......             (no amulet)
HPRegen  0.07/turn              h - ring of positive energy
MPRegen  0.12/turn              s - +5 ring of strength

@: icy armour, regenerating slowly, slow
A: fangs 3, see invisible, unbreathing
a: Bat Form


You were on level 4 of the Dungeon.
You were thirsty.

You visited 1 branch of the dungeon, and saw 4 of its levels.

You collected 167 gold pieces.
You spent 90 gold pieces at shops.

Inventory:

Hand Weapons
 e - a +0 short sword
 g - a +0 dagger (weapon)
Missiles
 n - 8 javelins (quivered)
Armour
 a - a +0 robe (worn)
 w - a +0 pair of gloves (worn)
Jewellery
 h - a ring of positive energy (left hand)
 s - a +5 ring of strength (right hand)
Wands
 q - a wand of acid (9)
 v - a wand of flame (19)
Scrolls
 d - 2 scrolls of enchant armour {unknown}
 f - 2 scrolls of blinking {unknown}
 j - 4 scrolls of random uselessness {unknown}
 l - 3 scrolls of teleportation {unknown}
 m - a scroll of amnesia {unknown}
 p - 2 scrolls of remove curse {unknown}
 r - 4 scrolls of identify {unknown}
 x - a scroll of noise {unknown}
Potions
 c - 3 potions of blood
 i - 3 potions of might
 k - a potion of ambrosia
 o - 5 potions of curing
 t - a potion of heal wounds {unknown}
 u - 3 potions of lignification {unknown}
Books
 b - a book of Frost

   Spells                             Type                      Level
   a - Freeze                         Ice                          1
   b - Throw Frost                    Conjuration/Ice              2
   c - Ozocubu's Armour               Charms/Ice                   3
   d - Throw Icicle                   Conjuration/Ice              4
   e - Summon Ice Beast               Ice/Summoning                4


   Skills:
 + Level 0.6 Fighting
 + Level 3.2 Dodging
 + Level 3.7 Stealth
 + Level 3.8 Spellcasting
 * Level 1.6 Conjurations
 * Level 5.1 Ice Magic


You had 6 spell levels left.
You knew the following spells:

 Your Spells              Type           Power        Failure   Level  Hunger
a - Freeze                Ice            ###.         1%          1    None
b - Throw Frost           Conj/Ice       ###...       4%          2    ##.....
c - Ozocubu's Armour      Chrm/Ice       ##......     13%         3    ###....


Dungeon Overview and Level Annotations

Branches:
Dungeon (4/15)
 Temple: D:4-7

Altars:
Elyvilon
Nemelex Xobeh
Ru
Trog
Yredelemnul
Zin

Annotations:
D:4 Grinder


Innate Abilities, Weirdness & Mutations

You heal slowly.
You have razor-sharp teeth.
You have supernaturally acute eyesight. (SInv)
You can survive without breathing.


Message History

You start resting.
Magic restored.
Yummy - fresh blood!
You are feeling thirsty.
Grinder comes into view.
Grinder is nearby!
Grinder is nearby!
You see here a potion of curing.
Grinder shouts!
Grinder barely misses you.
You hit Grinder but do no damage. Grinder hits you!
Casting: Freeze
Confirm with . or Enter, or press ? or * to list all spells.
A film of ice covers your body!
Grinder says, "Mostly I couldn't keep them alive."
Grinder hits you.
You hit Grinder but do no damage. Grinder hits you!
* * * LOW HITPOINT WARNING * * *
You barely miss Grinder. Your bite misses Grinder. Grinder hits you!
You die...

##### #.... #####
#.### #######...#
####.### #.........#
#.......
##......#######.##.#..
#...5@!.........##....
#♣♣.♣♣##############..
♣P #.# ♣ #.. ### ## #.
#.


You could see Grinder.

Vanquished Creatures
  A hound (D:4)
  A bullfrog skeleton (D:4)
  A centaur skeleton (D:4)
  Natasha (thrice) (D:3)
  2 worker ants (D:4)
  A hound skeleton (D:4)
  4 gnolls
  3 adders
  A howler monkey skeleton (D:4)
  2 adder skeletons (D:4)
  A worm (D:3)
  2 dart slugs
  3 leopard geckos
  5 orcs (D:3)
  5 bats
  3 giant cockroaches
  7 hobgoblins
  9 jackals
  3 frilled lizards
  6 goblins
  4 kobolds
  A leopard gecko skeleton (D:4)
  A quokka skeleton (D:4)
  8 rats
77 creatures vanquished.

Notes
Turn   | Place    | Note
-------+----------+-------------------------------------------
     0 | D:1      | Tordini the Vampire Ice Elementalist began the quest for the Orb.
     0 | D:1      | Reached XP level 1. HP: 13/13 MP: 3/3
   333 | D:1      | Noticed a big kobold
   333 | D:1      | Noticed a big kobold
   338 | D:1      | Noticed a big kobold
   347 | D:1      | Noticed a big kobold
   406 | D:1      | Reached XP level 2. HP: 19/19 MP: 5/5
   909 | D:1      | You fall through a shaft!
   976 | D:2      | Reached XP level 3. HP: 19/24 MP: 4/6
  2435 | D:2      | Learned a level 2 spell: Throw Frost
  2439 | D:2      | Learned a level 3 spell: Ozocubu's Armour
  2566 | D:3      | You fall through a shaft!
  2572 | D:4      | Reached skill level 1 in Conjurations
  2605 | D:4      | Reached XP level 4. HP: 24/30 MP: 6/8
  2630 | D:4      | Reached skill level 4 in Ice Magic
  2650 | D:4      | Found a sacrificial altar of Ru.
  3058 | D:4      | Reached XP level 5. HP: 15/35 MP: 9/9
  3428 | D:4      | Found a bloodstained altar of Trog.
  3915 | D:3      | Found a basalt altar of Yredelemnul.
  4032 | D:3      | Found a white marble altar of Elyvilon.
  4070 | D:3      | Found a sparkling altar of Nemelex Xobeh.
  4139 | D:3      | Found Zin's Purification Station.
  4142 | D:3      | Found a glowing silver altar of Zin.
  4148 | D:3      | Bought a potion of curing for 90 gold pieces
  4199 | D:3      | Noticed Natasha
  4205 | D:3      | Killed Natasha
  4438 | D:3      | Noticed Natasha
  4444 | D:3      | Killed Natasha
  4660 | D:3      | Noticed Natasha
  4667 | D:3      | Killed Natasha
  4667 | D:3      | Reached XP level 6. HP: 32/42 MP: 4/11
  4800 | D:4      | Reached skill level 5 in Ice Magic
  5058 | D:4      | Noticed Grinder
  5067 | D:4      | Slain by Grinder

Skill      XL: |  1  2  3  4  5  6 |
---------------+-------------------+-----
Conjurations   | 1 |  1.6
Ice Magic      | 4 5 |  5.1
Spellcasting   | 3 |  3.8
Dodging        | 3 |  3.2
Fighting       | |  0.6
Stealth        | |  3.7

Action                   |  1- 3 |  4- 6 || total
-------------------------+-------+-------++-------
Melee: Club              |     5 |       ||     5
       Bite              |     5 |     9 ||    14
       Short sword       |     4 |       ||     4
       Unarmed           |     2 |       ||     2
       Dagger            |    43 |    76 ||   119
 Cast: Freeze            |    55 |    53 ||   108
       Ozocubu's Armour  |       |     5 ||     5
  Use: Potion            |     1 |     7 ||     8
 Stab: Sleeping          |     3 |     9 ||    12
  Eat: Corpse            |     1 |     2 ||     3
Armor: Robe              |    10 |    18 ||    28
Dodge: Dodged            |    75 |    87 ||   162
